 Dungeon Crawl Stone Soup version 0.23.0 (webtiles) character file.

Game seed: 7149849254012148084

210 Infinimo the Insei (level 5, -3/25 HPs)
             Began as a Vine Stalker Transmuter on Feb 16, 2019.
             Slain by Sigmund
             ... wielding a +0 scythe of protection
              (10 damage)
             ... on level 3 of the Dungeon.
             The game lasted 00:03:27 (2875 turns).

Infinimo the Insei (Vine Stalker Transmuter)        Turns: 2875, Time: 00:03:27

Health: -3/25      AC:  2    Str: 14    XL:     5   Next: 88%
Magic:  0/9        EV: 19    Int: 13    God:
Gold:   143        SH:  0    Dex: 19    Spells: 4/8 levels left

rFire    . . .     SeeInvis .     - Unarmed
rCold    . . .     Gourm    .   (shield currently unavailable)
rNeg     . . .     Faith    .   (armour currently unavailable)
rPois    x         Spirit   +   (helmet currently unavailable)
rElec    .         Reflect  .   (cloak currently unavailable)
rCorr    .         Harm     .   (gloves currently unavailable)
MR       .....                  (boots currently unavailable)
Stlth    ++........             (no amulet)
HPRegen  0.48/turn              (no ring)
MPRegen  0.11/turn              (no ring)

@: spider-form (expiring)
A: tiny, regeneration 1, magic shield, no potion heal 3, rot immunity
a: End Transformation


You were on level 3 of the Dungeon.
You were not hungry.
You were a venomous arachnid creature.
You visited 1 branch of the dungeon, and saw 3 of its levels.

You collected 143 gold pieces.

Inventory:

Missiles
 a - 41 arrows
Armour
 b - a +0 robe (melded)
Scrolls
 h - 2 scrolls of teleportation
 k - a scroll of enchant armour {unknown}
 l - a scroll of remove curse
 n - a scroll of blinking {unknown}
 p - a scroll of identify {unknown}
Potions
 c - a potion of invisibility {unknown}
 e - a potion of might {unknown}
 g - a potion of ambrosia {unknown}
 i - 3 potions of lignification {unknown}
 j - a potion of mutation {unknown}
 m - 2 potions of haste {unknown}
 o - a potion of brilliance {unknown}
Comestibles
 d - 8 rations
 f - 4 chunks of flesh


   Skills:
 - Level 0.8 Fighting
 - Level 1.5 Dodging
 * Level 5.5 Unarmed Combat
 - Level 2.1 Spellcasting
 + Level 3.6 Transmutations


You had 4 spell levels left.
You knew the following spells:

 Your Spells              Type           Power        Failure   Level  Hunger
a - Beastly Appendage     Tmut           ##....       16%         1    ##.....
b - Spider Form           Tmut/Pois      #.........   56%         3    ####...

Your spell library contained the following spells:

 Spells                   Type           Power        Failure   Level  Hunger
 Sticks to Snakes         Tmut           ##......     22%         2    ###....
 Ice Form                 Ice/Tmut       #.......     89%         4    #####..
 Blade Hands              Tmut           ##........   94%         5    ######.


Dungeon Overview and Level Annotations

Branches:
Dungeon (3/15)

Altars:
Dithmenos

Annotations:
D:3 Sigmund


Innate Abilities, Weirdness & Mutations

((You have extremely sharp teeth.))
Your natural rate of healing is unusually fast.
When hurt, damage is shared between your health and your magic reserves.
((Your bite disrupts and absorbs the magic of your enemies.))
Potions cannot restore your health.
You are immune to rotting.


Message History

Something barely misses you.
Your transformation is almost over.
Something hits you! Something barely misses you.
You hit something. Something hits you.
You hit something but do no damage. You hit something but do no damage.
Something hits you.
* * * LOW HITPOINT WARNING * * *
Some of the chunks of flesh in your inventory have rotted away.
You hit something but do no damage. Something hits you.
* * * LOW HITPOINT WARNING * * *
Okay, then.
You hit something. You hit something but do no damage.
You hear some strange, mumbled words.
A magic dart appears from out of thin air!
The magic dart hits you.
* * * LOW HITPOINT WARNING * * *
You hit something but do no damage. Something hits you!
You die...

####+#......# .
..........###
#.......# #
#.......# gr
####'#### ### #.#
.... #.#
######.....
#.#######..........
#.......'..s{......
#########.....|....
###+##..... ####


You could see a quokka and a hobgoblin.

Vanquished Creatures
  An orc priest (D:3)
  2 orc wizards
  3 adders
  2 oozes (D:1)
  4 worms
  3 dart slugs
  6 orcs
  6 bats
  3 giant cockroaches
  9 goblins
  6 hobgoblins
  9 jackals
  2 quokkas (D:2)
  A ball python (D:2)
  2 frilled lizards
  3 kobolds
  9 rats
71 creatures vanquished.

Notes
Turn   | Place    | Note
-------+----------+-------------------------------------------
     0 | D:1      | Infinimo the Vine Stalker Transmuter began the quest for
                  | the Orb.
     0 | D:1      | Reached XP level 1. HP: 9/9 MP: 4/4
   349 | D:1      | Reached XP level 2. HP: 8/14 MP: 3/6
   794 | D:1      | Reached XP level 3. HP: 11/17 MP: 4/7
   996 | D:1      | Learned a level 3 spell: Spider Form
  1529 | D:2      | Reached skill level 4 in Unarmed Combat
  1809 | D:2      | Gained mutation: Your natural rate of healing is unusually
                  | fast. [Vine Stalker growth]
  1809 | D:2      | Reached XP level 4. HP: 20/21 MP: 8/8
  1979 | D:2      | Reached XP level 5. HP: 17/25 MP: 0/9
  2383 | D:3      | Reached skill level 5 in Unarmed Combat
  2760 | D:3      | Found a shadowy altar of Dithmenos.
  2786 | D:3      | Noticed Sigmund
  2875 | D:3      | Slain by Sigmund

Skill      XL: |  1  2  3  4  5 |
---------------+----------------+-----
Unarmed Combat | 4 5 |  5.5
Transmutations | 3 |  3.6
Fighting       | |  0.8
Dodging        | |  1.5
Spellcasting   | |  2.1

Action                   |  1- 3 |  4- 6 || total
-------------------------+-------+-------++-------
Melee: Unarmed           |   111 |   127 ||   238
       Bite              |    17 |    18 ||    35
       Punch             |     2 |     2 ||     4
 Cast: Spider Form       |       |     8 ||     8
  Use: Scroll            |       |     5 ||     5
 Stab: Sleeping          |       |     1 ||     1
  Eat: Ration            |     1 |       ||     1
       Chunk             |       |     5 ||     5
Armor: Robe              |    16 |     6 ||    22
       Skin              |       |     5 ||     5
Dodge: Dodged            |    76 |    79 ||   155
